 Dungeon Crawl Stone Soup version 0.27.1 (webtiles) character file.

Game seed: 15509670801553872391

1554589 DiogoH the Slayer (level 27, 406/406 HPs)
             Began as a Green Draconian Conjurer on Aug 18, 2021.
             Was a High Priest of Nemelex Xobeh.
             Escaped with the Orb
             ... and 3 runes on Aug 22, 2021!
             The game lasted 16:57:01 (90326 turns).

DiogoH the Slayer (Green Draconian Conjurer)       Turns: 90326, Time: 16:57:02

Health: 406/406    AC: 23    Str: 19    XL:     27
Magic:  42/43      EV: 12    Int: 28    God:    Nemelex Xobeh [*****.]
Gold:   7375       SH:  0    Dex: 22    Spells: 1/48 levels left

rFire    + . .     SeeInvis .     - Unarmed
rCold    . . .     Faith    .   (shield currently unavailable)
rNeg     + . .     Spirit   .   (armour unavailable)
rPois    +         Reflect  .   (helmet currently unavailable)
rElec    +         Harm     .   (cloak currently unavailable)
rCorr    +         Rampage  .   (gloves currently unavailable)
Will     ++++.                  (boots currently unavailable)
Stlth    +.........             J - amulet of regeneration
HPRegen  1.77/turn              l - ring of Understanding {Drain rElec rF+ rN+ Dex+3 Slay+4}
MPRegen  0.28/turn              C - ring "Muurph" {Will++ rCorr MP+9 Dex+7}

@: mighty, dragon-form, flying, studying Bows
A: dragon claw, dragon scales, flying, boosted hp, breathe noxious fumes, AC
+13, giant, unfitting armour, stinger 1, (poison resistance), (cold-blooded),
dopey 1, low mp 1, subdued magic 1, inability to read while threatened
0: Orb of Zot
}: 3/15 runes: decaying, silver, gossamer
a: Breathe Noxious Fumes, End Transformation, Renounce Religion, Draw Escape,
Draw Destruction, Draw Summoning, Draw Stack, Triple Draw, Deal Four, Stack Five


You escaped.
You worshipped Nemelex Xobeh.
Nemelex Xobeh was extremely pleased with you.
You were a fearsome swamp dragon!
You visited 11 branches of the dungeon, and saw 53 of its levels.
You also visited: Trove, Sewer and Ice Cave.

You collected 10162 gold pieces.
You spent 2787 gold pieces at shops.

Inventory:

Missiles
 t - 11 javelins (quivered)
 w - 5 throwing nets
 E - 8 atropa-tipped darts
 F - 13 silver boomerangs
 Y - 14 curare-tipped darts
Armour
 o - the +1 cloak of Eternity (melded) {Will+ Str+4}
   (You found it on level 3 of the Spider Nest)

   Str:       It affects your strength (+4).
   Will:      It increases your willpower.
 N - a +2 pair of gloves of dexterity (melded)
 Q - a +2 hat of willpower (melded)
 Z - the +2 pair of boots "Daocvomaxucs" (melded) {rPois rN+ Will++ rCorr}
   (You bought it in a shop on level 2 of the Orcish Mines)

   rPois:     It protects you from poison.
   rN:        It protects you from negative energy.
   rCorr:     It protects you from acid and corrosion.
   Will:      It greatly increases your willpower.
Magical Staves
 d - a staff of conjuration (melded)
Jewellery
 l - the ring of Understanding (left foreclaw) {Drain rElec rF+ rN+ Dex+3 Slay+4}
   (You acquired it on level 11 of the Dungeon)

   [ring of slaying]

   Dex:       It affects your dexterity (+3).
   Slay:      It affects your accuracy & damage with ranged weapons and melee
   (+4).
   rF:        It protects you from fire.
   rElec:     It insulates you from electricity.
   rN:        It protects you from negative energy.
   Drain:     It drains your maximum health when unequipped.
 n - a ring of protection from fire
 C - the ring "Muurph" (right foreclaw) {Will++ rCorr MP+9 Dex+7}
   (You acquired it on level 15 of the Dungeon)

   [ring of resist corrosion]

   Dex:       It affects your dexterity (+7).
   MP:        It affects your magic capacity (+9).
   rCorr:     It protects you from acid and corrosion.
   Will:      It greatly increases your willpower.
 J - an amulet of regeneration (around neck)
 L - a ring of wizardry
 S - a ring of see invisible
 V - a ring of protection from cold
Wands
 b - a wand of iceblast (83)
 m - a wand of flame (54)
 v - a wand of acid (63)
 A - a wand of digging (3)
Scrolls
 a - 28 scrolls of teleportation
 c - 7 scrolls of holy word
 g - 3 scrolls of summoning
 i - 10 scrolls of fog
 p - 11 scrolls of amnesia
 y - a scroll of magic mapping
 z - 6 scrolls of noise
 D - 3 scrolls of fear
 K - 3 scrolls of silence
 M - 9 scrolls of vulnerability
 O - 5 scrolls of blinking
 P - 6 scrolls of immolation
 R - 6 scrolls of torment
Potions
 e - a potion of berserk rage
 h - 11 potions of heal wounds
 j - 7 potions of brilliance
 k - 3 potions of invisibility
 q - 8 potions of ambrosia
 r - 4 potions of attraction
 u - 11 potions of haste
 x - 12 potions of curing
 B - 6 potions of lignification
 G - 5 potions of cancellation
 H - 5 potions of might
 I - 3 potions of magic
 T - 7 potions of resistance
Miscellaneous
 U - a phantom mirror


   Skills:
 * Level 26.9 Fighting
 - Level 10.0 Dodging
 - Level 1.7 Stealth
 + Level 21.7 Unarmed Combat
 - Level 11.0 Spellcasting
 + Level 18.7 Conjurations
 - Level 15.0 Transmutations
 - Level 15.2 Earth Magic
 + Level 23.2 Invocations


You had one spell level left.
You knew the following spells:

 Your Spells              Type           Power      Damage    Failure   Level
a - Dragon Form           Tmut           33%        N/A       4%          7
b - Statue Form           Tmut/Erth      44%        N/A       1%          6
c - Wereblood             Tmut           66%        N/A       0%          2
d - Apportation           Tloc           22%        N/A       2%          1
e - Iron Shot             Conj/Erth      35%        9d7       1%          6
f - Orb of Destruction    Conj           37%        9d13      1%          7
g - Mephitic Cloud        Conj/Pois/Air  38%        N/A       1%          3
h - Iskenderun's Mystic   Conj/Tloc      51%        2d11      1%          4
i - Blink                 Tloc           N/A        N/A       4%          2
j - Searing Ray           Conj           100%       3d7       0%          2
k - Fulminant Prism       Conj/Hex       25%        3d14      1%          4
l - Passwall              Tmut/Erth      55%        N/A       0%          2
m - Magic Dart            Conj           100%       1d8       0%          1

Your spell library contained the following spells:

 Spells                   Type           Power      Damage    Failure   Level
 Beastly Appendage        Tmut           100%       N/A       0%          1
 Shock                    Conj/Air       100%       1d9       1%          1
 Sting                    Tmut/Pois      100%       1d8       1%          1
 Summon Small Mammal      Summ           44%        N/A       2%          1
 Stone Arrow              Conj/Erth      100%       3d13      0%          3
 Static Discharge         Conj/Air       51%        N/A       1%          2
 Dazzling Flash           Conj/Hex       100%       N/A       1%          3
 Ignite Poison            Fire/Tmut/Pois 33%        N/A       1%          3
 Spider Form              Tmut/Pois      22%        N/A       1%          3
 Ice Form                 Ice/Tmut       44%        N/A       1%          4
 Leda's Liquefaction      Hex/Erth       22%        N/A       1%          4
 Petrify                  Tmut/Erth      67%        N/A       1%          4
 Sticky Flame             Conj/Fire      51%        2d7       1%          4
 Blade Hands              Tmut           33%        N/A       1%          5
 Bolt of Magma            Conj/Fire/Erth 28%        4d13      1%          5
 Fireball                 Conj/Fire      25%        3d11      1%          5
 Irradiate                Conj/Tmut      35%        3d25      1%          5
 Iskenderun's Battlesphe  Conj           75%        2d12      1%          5
 Alistair's Intoxication  Tmut/Pois      29%        N/A       3%          5
 Yara's Violent Unravell  Hex/Tmut       22%        3d10      3%          5
 Call Imp                 Summ           11%        N/A       4%          2
 Corpse Rot               Necr/Air       N/A        N/A       4%          2
 Poisonous Vapours        Pois/Air       22%        N/A       4%          2
 Sublimation of Blood     Necr           5%         N/A       4%          2
 Freezing Cloud           Conj/Ice/Air   19%        6-21      6%          5
 Call Canine Familiar     Summ           11%        N/A       9%          3
 Confusing Touch          Hex            11%        N/A       9%          3
 Gell's Gravitas          Tloc           5%         N/A       9%          3
 Lesser Beckoning         Tloc           5%         N/A       9%          3
 Ozocubu's Armour         Ice            11%        N/A       9%          3
 Portal Projectile        Hex/Tloc       22%        N/A       9%          3
 Summon Guardian Golem    Hex/Summ       11%        N/A       9%          3
 Swiftness                Air            11%        N/A       9%          3
 Teleport Other           Tloc           11%        N/A       9%          3
 Tukima's Dance           Hex            11%        N/A       9%          3
 Vampiric Draining        Necr           5%         2d6       9%          3
 Conjure Ball Lightning   Conj/Air       25%        3x3d7     10%         6
 Starburst                Conj/Fire      25%        6d8       10%         6
 Airstrike                Air            5%         N/A       30%         4
 Animate Dead             Necr           5%         N/A       30%         4
 Cause Fear               Hex            5%         N/A       30%         4
 Dispel Undead            Necr           11%        3d9       30%         4
 Olgreb's Toxic Radiance  Pois           11%        N/A       30%         4
 Passage of Golubria      Tloc           N/A        N/A       30%         4
 Summon Ice Beast         Ice/Summ       11%        N/A       30%         4
 Spellforged Servitor     Conj/Summ      25%        N/A       50%         7
 Manifold Assault         Tloc           11%        N/A       65%         5
 Metabolic Englaciation   Hex/Ice        5%         N/A       65%         5
 Silence                  Hex/Air        5%         N/A       65%         5
 Summon Mana Viper        Hex/Summ       11%        N/A       65%         5
 Storm Form               Tmut/Air       22%        N/A       77%         7
 Death Channel            Necr           5%         N/A       99%         6
 Invisibility             Hex            5%         N/A       99%         6
 Simulacrum               Ice/Necr       5%         N/A       99%         6
 Malign Gateway           Summ/Tloc      5%         N/A       100%        7
 Monstrous Menagerie      Summ           5%         N/A       100%        7
 Ozocubu's Refrigeration  Ice            5%         4d6       100%        7
 Summon Hydra             Summ           5%         N/A       100%        7
 Discord                  Hex            5%         N/A       100%        8
 Disjunction              Tloc           5%         N/A       100%        8
 Ignition                 Fire           5%         3d4       100%        8
 Infestation              Necr           5%         N/A       100%        8
 Necromutation            Tmut/Necr      22%        N/A       100%        8
 Summon Horrible Things   Summ           5%         N/A       100%        8
 Chain Lightning          Conj/Air       25%        3d34      100%        9
 Dragon's Call            Summ           5%         N/A       100%        9
 Fire Storm               Conj/Fire      25%        8d7       100%        9
 Polar Vortex             Ice            5%         N/A       100%        9
 Shatter                  Erth           33%        3d27*     100%        9


Dungeon Overview and Level Annotations

Branches:
Dungeon (15/15)            Temple (1/1) D:7            Lair (6/6) D:8
  Swamp (4/4) Lair:2       Spider (4/4) Lair:4        Slime (0/5) Lair:5
    Orc (2/2) D:9             Elf (3/3) Orc:2        Vaults (5/5) D:14
  Crypt (3/3) Vaults:3       Tomb (0/3) Crypt:3      Depths (5/5) D:15
    Zot (5/5) Depths:5      Sewer (visited)           IceCv (visited)

Altars:
Ashenzari
Cheibriados
Dithmenos
Elyvilon
Fedhas
Gozag
Hepliaklqana
Kikubaaqudgha
Makhleb
Nemelex Xobeh
Okawaru
Qazlal
Ru
Sif Muna
Trog
Uskayaw
Vehumet
Wu Jian
Xom
Yredelemnul
Zin
The Shining One
Beogh
Jiyva

Shops:
Orc:1 (*   Orc:2 (:[(?   Vaults:2 *   Vaults:5 *   Depths:5 (

Portals:
Hell: Depths:1 Depths:2 Depths:3 Depths:4 Depths:5
Abyss: Depths:1 Depths:2 Depths:4
Pandemonium: Depths:2 Depths:3
Ziggurat: Depths:1

Annotations:
Lair:5 1 runed translucent door
Elf:2 3 runed translucent doors, exclusion: 3 doors
Crypt:3 exclusion: 3 doors
Depths:2 1 runed translucent door


Innate Abilities, Weirdness & Mutations

You are a fearsome swamp dragon!
You have a powerful clawing attack.
Your giant scaled body is strong and resiliant, but less evasive.
Your breath weapon is enhanced in this form.
You are flying.
Your maximum health is greatly increased.
Your armour is entirely melded.
You are incapable of wielding weapons or throwing items.
You can breathe blasts of noxious fumes.
Your lurid green scales are hard. (AC +13)
You cannot fit into any form of body armour.
Your tail ends in a poisonous barb.
((Your system is resistant to poisons. (rPois)))
((You are cold-blooded and may be slowed by cold attacks.))
You are dopey. (Int -2)
Your magical capacity is low. (-10% MP)
Your spells are a little easier to cast, but a little less powerful.
You sometimes lose the ability to read scrolls when taking damage.


Message History

The +1 cloak of Eternity {Will+ Str+4} melds into your body.
Your +2 hat of willpower melds into your body.
Your +2 pair of gloves of dexterity melds into your body.
The +2 pair of boots "Daocvomaxucs" {rPois rN+ Will++ rCorr} melds into your body.
You feel less strong-willed.
You feel clumsy.
There is a stone staircase leading up here.
You fly upwards.
There is a stone staircase leading down here.
(D) Dungeon (T) Temple (L) Lair (S) Swamp (N) Spider Nest (M) Slime Pits (O) Orcish Mines (E) Elven Halls (V) Vaults (C) Crypt (W) Tomb (U) Depths (H) Hell (Z) Zot
Where to? (Enter - D:1 @ (x,y), ? - help)
A Hell Sentinel comes into view.
Press: ? - help, v - describe, . - travel
Here: a Hell Sentinel The floor.
You feel very mighty all of a sudden. The Hell Sentinel gestures at you.
The sphere of damnation explodes!
The damnation engulfs you!!!
The damnation engulfs the Hell Sentinel.
The Hell Sentinel completely resists.
You hit the Hell Sentinel.
The Hell Sentinel is lightly wounded.
You bite the Hell Sentinel!! You bite the Hell Sentinel.
The Hell Sentinel is moderately wounded.
The Hell Sentinel hits you!
The Hell Sentinel hits you but does no damage.
You maul the Hell Sentinel!!!!
You kill the Hell Sentinel!
(D) Dungeon (T) Temple (L) Lair (S) Swamp (N) Spider Nest (M) Slime Pits (O) Orcish Mines (E) Elven Halls (V) Vaults (C) Crypt (W) Tomb (U) Depths (H) Hell (Z) Zot
Where to? (Enter - D:1 @ (x,y), ? - help) HP restored.
There is a staircase leading out of the dungeon here.
You can't go down here!
You have escaped!

#..# #.# ##.# #.# #..#
#.# #.##
################# #.#
#.##### #≈≈≈≈≈≈≈≈≈≈≈≈≈≈≈#
#.# #.#...#
#≈≈≈≈≈.)...≈≈≈≈≈# #.#
#.#.#.###≈≈....≈≈≈....≈≈#
#.#
#.#.#...#≈...≈≈≈.≈≈≈...≈#
#.#
#.#.###.....≈≈≈.D..≈≈..≈#
#.# #.#.#
###≈...≈≈≈.≈≈≈...≈# #.#
#.#.# #≈≈....≈≈≈....≈≈#
#.# #.#.#
#≈≈≈≈≈.....≈≈≈≈≈# #.#
#.#.# #≈≈≈≈≈≈≈.≈≈≈≈≈≈≈###
#.# #.#[#
########.########.# #.#
#.#.## #######..# #.# #.#
#.#..# #.......## #.# #.#
#.##.# #..#.#..# #.# #.#


There were no monsters in sight!

Vanquished Creatures
  2 dread liches
  3 ancient liches
  5 orbs of fire
  Mara (Depths:2)
  3 Killer Klowns (Zot:5)
  the Lernaean hydra (Swamp:4)
  A curse toe (Zot:2)
  A caustic shrike (Depths:1)
  the Enchantress (Depths:2)
  4 bone dragons
  Nikola (Spider:2)
  13 golden dragons
  3 electric golems
  An Ice Fiend (Vaults:5)
  16 tentacled monstrosities
  4 liches
  A Hell Sentinel (D:1)
  24 Orb Guardians
  3 deep elf blademasters
  2 titans
  A deep elf master archer (Elf:3)
  Asterion (Depths:2)
  11 sphinxes
  3 death cobs
  13 quicksilver dragons
  2 ancient champions
  A thorn hunter (Swamp:2)
  Gastronok (Lair:2)
  11 shadow dragons
  Kirke (D:15)
  11 storm dragons
  Donald (Crypt:1)
  15 tengu reavers
  2 revenants (Vaults:3)
  7 draconian monks
  An azure jelly (Vaults:4)
  14 deep elf sorcerers
  3 draconian knights
  8 fire giants
  5 frost giants
  15 vault wardens
  2 orc warlords
  5 deep elf elementalists
  6 draconian scorchers
  4 iron dragons
  A balrug (Depths:2)
  5 ghost moths
  3 ghouls (Crypt:2)
  A cacodemon (Depths:1)
  9 emperor scorpions
  2 draconian shifters
  16 ironbound preservers
  17 stone giants
  2 curse skulls
  10 war gargoyles
  2 draconian stormcallers (Zot:2)
  2 reapers
  3 spriggan defenders
  29 very ugly things
  3 caustic shrike skeletons
  7 draconian annihilators
  15 green draconians
  10 white draconians
  9 vampire knights
  9 black draconians
  7 deep elf demonologists (Elf:3)
  Azrael (D:15)
  Nessos (D:15)
  6 dire elephants
  6 deep elf annihilators
  13 yellow draconians
  A bunyip (Swamp:1)
  16 purple draconians
  8 spark wasps
  18 red draconians
  A dire elephant (shapeshifter) (Depths:3)
  2 spark wasps (shapeshifter)
  9 entropy weavers
  7 ettins
  A blizzard demon (Depths:2)
  Snorg (D:10)
  5 crystal guardians
  6 deep elf death magi
  5 eleionomae
  4 jiangshi (Crypt:1)
  10 fire dragons
  12 yaktaur captains
  A great orb of eyes (shapeshifter) (Vaults:4)
  An eidolon (Crypt:2)
  13 great orbs of eyes
  14 ice dragons
  3 quicksilver dragon skeletons
  5 rakshasas
  10 spriggan air magi
  2 ironbound thunderhulks
  32 vault guards
  Erolcha (D:13)
  5 deep elf high priests
  12 ironbound frosthearts
  2 hell beasts
  4 ogre magi
  20 centaur warriors
  A salamander tyrant (Depths:1)
  17 hydras
  5 boulder beetles
  An anaconda (Swamp:2)
  3 peacekeepers
  4 ghost crabs
  4 catoblepae
  7 two-headed ogres
  Erica (D:9)
  7 deep troll shamans
  A two-headed ogre (shapeshifter) (Vaults:4)
  21 dancing weapons
  A death knight (Crypt:1)
  16 alligators
  8 tengu warriors
  13 death yaks
  6 ironbound beastmasters
  5 vampire magi
  5 spriggan berserkers
  An orc high priest (Elf:3)
  6 deep troll earth magi
  13 deep elf knights
  A storm dragon zombie (Crypt:1)
  19 spriggans
  Urug (D:10)
  3 titan skeletons (Depths:4)
  A soul eater (Depths:2)
  15 hell knights
  Sonja (Orc:2)
  29 skeletal warriors
  5 iron trolls
  A shadow wraith (Crypt:2)
  2 death drakes (shapeshifter)
  6 spriggan druids
  10 goliath frogs
  A sea snake (shapeshifter) (D:14)
  A ghost moth zombie (Crypt:3)
  A golden dragon zombie (Crypt:3)
  A glowing orange brain (Depths:3)
  A quicksilver dragon simulacrum (Depths:2)
  A storm dragon skeleton (Crypt:3)
  A glowing orange brain (shapeshifter) (Depths:5)
  15 deep elf archers
  5 flayed ghosts
  A deep troll (shapeshifter) (Elf:3)
  27 deep trolls
  A shadow dragon zombie (Crypt:2)
  2 bog bodies
  2 death drakes
  16 swamp dragons
  3 lindwurms
  An obsidian statue (Zot:5)
  11 wizards
  8 phantasmal warriors
  6 golden dragon skeletons
  5 harpies
  18 deep elf zephyrmancers
  20 orb spiders
  4 orc knights
  A sphinx zombie (Vaults:3)
  13 ironbound convokers
  34 deep elf pyromancers
  62 ugly things
  14 necromancers
  A fire giant zombie (Crypt:3)
  8 cyclopes
  2 orc sorcerers
  24 wolf spiders
  A shining eye (shapeshifter) (Vaults:4)
  A wolf spider (shapeshifter) (Depths:2)
  A shining eye (Depths:3)
  A shadow dragon skeleton (Depths:4)
  A will-o-the-wisp (Swamp:1)
  27 moths of wrath
  2 frost giant skeletons (Depths:4)
  A stone giant zombie (Crypt:3)
  2 iron dragon skeletons
  6 manticores
  2 sphinx skeletons
  A salamander (Depths:1)
  4 tengu skeletons
  A guardian serpent (Elf:1)
  2 fire giant skeletons (Depths:4)
  A manticore (shapeshifter) (Depths:2)
  A water nymph (Spider:4)
  A black mamba (Lair:6)
  5 elephants (Lair:2)
  A guardian serpent (shapeshifter) (D:14)
  20 vault sentinels
  A dire elephant zombie (Crypt:3)
  2 naga magi
  A red draconian zombie (Crypt:2)
  2 eyes of devastation
  A smoke demon (Depths:2)
  An orange demon (Depths:1)
  A gargoyle (D:13)
  An elephant slug zombie (Crypt:2)
  A spriggan skeleton (Depths:4)
  A minotaur zombie (Crypt:1)
  A kobold demonologist (D:13)
  An unseen horror (D:10)
  Psyche (D:12)
  14 cane toads
  4 elf skeletons (Depths:4)
  An emperor scorpion zombie (Crypt:3)
  30 yaktaurs
  A pale draconian zombie (Crypt:2)
  An ice devil (Depths:2)
  2 yaktaurs (shapeshifter)
  14 demonic crawlers
  A komodo dragon (shapeshifter) (D:14)
  3 freezing wraiths
  4 komodo dragons
  A hellwing (Depths:2)
  12 tengu conjurers
  7 rime drakes
  32 jumping spiders
  A white draconian skeleton (Crypt:1)
  A queen bee (shapeshifter) (Elf:3)
  A bloated husk (Swamp:2)
  10 polar bears
  6 meliai
  A jumping spider (shapeshifter) (Depths:5)
  5 trolls
  5 tyrant leeches
  Prince Ribbit (Lair:2)
  16 hornets
  A fire dragon zombie (Crypt:3)
  2 hydra skeletons (Crypt:3)
  17 blink frogs
  A wind drake (Spider:4)
  2 shadow dragon simulacra (Vaults:3)
  47 slime creatures
  2 ettin zombies
  A snapping turtle (Swamp:2)
  An ice dragon zombie (Crypt:3)
  An alligator zombie (Crypt:3)
  5 air elementals
  55 flying skulls
  A meliai zombie (Crypt:1)
  A shapeshifter (Lair:6)
  10 wraiths
  A yak (shapeshifter) (D:14)
  29 tarantellas
  A fire dragon skeleton (Crypt:3)
  5 water elementals
  2 fire elementals
  62 redbacks
  54 yaks
  2 golden eyes (Depths:2)
  A human (D:15)
  A wind drake zombie (Crypt:1)
  2 hogs
  7 wyverns
  A fire bat (D:14)
  5 basilisks
  A steam dragon (Lair:2)
  5 vampire mosquitoes
  A neqoxec (Zot:5)
  A naga (Elf:1)
  3 wargs
  17 swamp worms
  An acid dragon (shapeshifter) (Vaults:4)
  A naga (shapeshifter) (Vaults:5)
  A monstrous demonspawn zombie (Crypt:2)
  4 acid dragons
  A floating eye (Depths:2)
  7 hell hounds
  14 water moccasins
  8 swamp drakes
  A human skeleton (Depths:4)
  A floating eye (shapeshifter) (Vaults:5)
  An ogre skeleton (Vaults:3)
  An ice beast (D:7)
  2 black bears
  21 orc warriors
  58 wolves
  3 centaurs
  3 necrophages
  6 boggarts
  11 ogres
  A lindwurm skeleton (Crypt:2)
  4 phantoms
  Blork the orc (D:6)
  A kobold brigand (D:6)
  3 gnoll sergeants
  12 bullfrogs
  A wyvern zombie (D:8)
  A glowing shapeshifter simulacrum (Vaults:3)
  8 earth elementals
  4 scorpions
  A water moccasin zombie (Crypt:1)
  A wyvern skeleton (D:6)
  3 killer bees
  3 troll zombies (D:9)
  9 wights
  3 howler monkeys (D:7)
  An electric eel (Spider:4)
  2 crimson imps
  3 small abominations (Vaults:3)
  A wolf skeleton (Crypt:1)
  A centaur skeleton (D:5)
  6 hounds
  15 orc priests
  2 centaur zombies
  A demonspawn zombie (Crypt:1)
  Crazy Yiuf (D:7)
  2 jellies
  3 iguanas
  19 orc wizards
  A demonspawn skeleton (Crypt:1)
  6 hell rats (Lair:3)
  A killer bee zombie (D:7)
  5 ogre zombies (D:9)
  2 howler monkey zombies
  17 gnolls
  10 adders
  2 white imps (D:6)
  An ufetubus (D:4)
  An iguana skeleton (Crypt:2)
  2 worms
  A dart slug (D:4)
  80 orcs
  10 endoplasms
  3 giant cockroaches
  14 goblins
  7 hobgoblins
  9 jackals
  14 kobolds
  4 quokkas
  12 ball pythons
  14 bats
  A frilled lizard (D:3)
  A giant cockroach zombie (Crypt:1)
  3 goblin skeletons (D:9)
  4 goblin zombies (D:9)
  2 hobgoblin skeletons (D:9)
  3 hobgoblin zombies (D:9)
  3 orc skeletons (D:9)
  9 orc zombies (D:9)
  2 rats (D:1)
2326 creatures vanquished.

Vanquished Creatures (collateral kills)
  Saint Roka (Orc:2)
  An Orb Guardian (Zot:5)
  A draconian scorcher (Zot:5)
  2 emperor scorpions (Spider:3)
  A spriggan defender (Depths:3)
  A black draconian (Zot:5)
  A yellow draconian (Zot:5)
  Josephine (D:10)
  5 centaur warriors (Vaults:2)
  2 death yaks
  A spriggan berserker (Depths:3)
  A sun demon (Depths:1)
  A hell knight (Depths:1)
  A soul eater (Depths:1)
  A sea snake (Depths:3)
  An orc sorcerer (Orc:2)
  An ugly thing (Depths:3)
  3 salamanders (Depths:1)
  A smoke demon (Depths:1)
  3 polar bears (IceCv)
  A raiju (Orc:2)
  3 slime creatures (Vaults:2)
  A basilisk (Lair:6)
  12 yaks
  An orc warrior (Orc:2)
  A wolf (IceCv)
  5 orcs (Orc:2)
54 creatures vanquished.

Vanquished Creatures (others)
  A draconian knight (Zot:3)
  A harpy (shapeshifter) (Vaults:5)
  2 deep elf zephyrmancers (Elf:1)
  2 orb spiders (Spider:4)
  An ugly thing (Depths:2)
  A redback (Lair:4)
  A tarantella (Spider:3)
  3 humans (D:15)
  2 orc warriors (Vaults:5)
  2 boggarts (D:15)
  A killer bee (D:8)
  An orc priest (D:11)
  11 fulminant prisms
  55 fungi
  90 plants
174 creatures vanquished.

Grand Total: 2554 creatures vanquished

Notes
Turn   | Place    | Note
-------+----------+-------------------------------------------
     0 | D:1      | DiogoH the Draconian Conjurer began the quest for the Orb.
     0 | D:1      | Reached XP level 1. HP: 14/14 MP: 3/3
   195 | D:1      | Reached XP level 2. HP: 22/22 MP: 0/5
   252 | D:1      | Learned a level 2 spell: Searing Ray
   752 | D:1      | Reached skill level 1 in Fighting
  1136 | D:1      | Reached XP level 3. HP: 28/28 MP: 3/6
  2083 | D:2      | Noticed a phantom
  2472 | D:2      | Reached XP level 4. HP: 35/35 MP: 3/8
  2809 | D:2      | Killed a phantom
  2810 | D:2      | Reached skill level 2 in Fighting
  2810 | D:2      | Reached XP level 5. HP: 41/41 MP: 1/10
  2814 | D:2      | Learned a level 3 spell: Dazzling Flash
  3311 | D:3      | Found a sparkling altar of Nemelex Xobeh.
  3323 | D:3      | Became a worshipper of Nemelex Xobeh the Trickster
  3400 | D:3      | Reached skill level 5 in Conjurations
  3957 | D:3      | Noticed an ogre
  3962 | D:3      | Killed an ogre
  3963 | D:3      | Reached skill level 1 in Invocations
  3963 | D:3      | Reached XP level 6. HP: 50/50 MP: 5/11
  4531 | D:4      | Found a glowing drain.
  4585 | Sewer    | Entered a sewer
  4641 | Sewer    | Noticed a water moccasin
  4646 | Sewer    | Killed a water moccasin
  4647 | Sewer    | Reached skill level 3 in Fighting
  4829 | D:4      | Your scales start taking on a lurid green colour.
  4829 | D:4      | Reached XP level 7. HP: 57/57 MP: 7/13
  4829 | D:4      | Gained mutation: Your system is resistant to poisons.
                  | (rPois) [Green Draconian growth]
  6367 | D:4      | Reached skill level 4 in Fighting
  6730 | D:5      | Entered Level 5 of the Dungeon
  6863 | D:5      | Found a burning altar of Makhleb.
  6863 | D:5      | Found a radiant altar of Vehumet.
  7014 | D:5      | Reached XP level 8. HP: 66/66 MP: 11/15
  7108 | D:5      | Found a stormy altar of Qazlal.
  7229 | D:5      | Reached * piety under Nemelex Xobeh
  8227 | D:6      | Noticed Blork the orc
  8385 | D:6      | Reached skill level 5 in Spellcasting
  8650 | D:6      | Noticed a troll
  8891 | D:6      | Found a sacrificial altar of Ru.
  8898 | D:6      | Found a hazy altar of Hepliaklqana.
  8931 | D:6      | Reached skill level 5 in Fighting
  9090 | D:6      | Killed Blork the orc
  9204 | D:6      | Received a gift from Nemelex Xobeh
  9415 | D:6      | Killed a troll
  9469 | D:7      | Reached XP level 9. HP: 69/74 MP: 9/17
  9591 | D:7      | Reached skill level 5 in Dodging
  9599 | D:7      | Reached skill level 5 in Invocations
  9720 | D:7      | Found the +10 Black Knight's barding {ponderous, rPois rN+}
  9812 | D:7      | Found a staircase to the Ecumenical Temple.
  9820 | Temple   | Entered the Ecumenical Temple
  9967 | D:7      | Reached skill level 6 in Fighting
 10176 | D:7      | Learned a level 1 spell: Apportation
 10183 | D:7      | Reached ** piety under Nemelex Xobeh
 10194 | D:7      | Found a runed translucent door.
 10195 | D:7      | Noticed Crazy Yiuf
 11144 | D:8      | Found a staircase to the Lair.
 11346 | D:8      | You fall into a shaft and drop 3 floors!
 11390 | D:10     | Entered Level 10 of the Dungeon
 11488 | D:9      | Noticed Erica
 11507 | D:9      | Killed Erica
 11508 | D:9      | Reached XP level 10. HP: 84/84 MP: 12/19
 11600 | D:9      | Reached skill level 7 in Fighting
 11693 | D:8      | Received a gift from Nemelex Xobeh
 11915 | D:8      | Noticed a death yak
 11930 | D:8      | Killed a death yak
 12768 | D:9      | Noticed a cyclops
 12775 | D:9      | Killed a cyclops
 12957 | D:9      | Learned a level 7 spell: Dragon Form
 13240 | D:9      | Found a staircase to the Orcish Mines.
 13461 | D:9      | Reached skill level 8 in Fighting
 14031 | D:10     | Reached *** piety under Nemelex Xobeh
 14140 | D:10     | Noticed Urug
 14158 | D:10     | Killed Urug
 14159 | D:10     | Reached skill level 1 in Transmutations
 14327 | D:10     | Received a gift from Nemelex Xobeh
 14713 | D:10     | Reached XP level 11. HP: 94/94 MP: 18/22
 14892 | D:10     | Received a gift from Nemelex Xobeh
 14892 | D:10     | Noticed Snorg
 14980 | D:10     | Noticed Josephine
 15500 | Lair:1   | Entered Level 1 of the Lair of Beasts
 15588 | Lair:1   | Found a frozen archway.
 15691 | IceCv    | Entered an ice cave
 15715 | IceCv    | Received a gift from Nemelex Xobeh
 16061 | IceCv    | Noticed a white ugly thing
 16063 | IceCv    | Killed a white ugly thing
 16264 | IceCv    | Reached skill level 9 in Fighting
 16759 | IceCv    | Reached skill level 1 in Unarmed Combat
 17215 | IceCv    | Noticed a death yak
 17215 | IceCv    | Noticed an ironbound frostheart
 17215 | IceCv    | Noticed an ironbound frostheart
 17216 | IceCv    | Noticed a death yak
 17369 | IceCv    | Killed an ironbound frostheart
 17370 | IceCv    | Reached XP level 12. HP: 55/105 MP: 15/24
 17583 | IceCv    | Killed an ironbound frostheart
 17584 | IceCv    | Reached skill level 5 in Transmutations
 17760 | IceCv    | Killed a death yak
 17765 | IceCv    | Killed a death yak
 18181 | Lair:1   | Reached skill level 10 in Fighting
 18579 | Lair:1   | Noticed a four-headed hydra
 18756 | Lair:1   | Killed a four-headed hydra
 18823 | Lair:1   | Received a gift from Nemelex Xobeh
 18839 | Lair:1   | Reached **** piety under Nemelex Xobeh
 19523 | Lair:1   | Upgraded the game from 0.27.0-65-ge2af304b15 to
                  | 0.27.0-66-gdc8fb28755
 19701 | Lair:2   | Found a staircase to the Swamp.
 19715 | Lair:2   | Reached skill level 10 in Invocations
 19935 | Lair:2   | Received a gift from Nemelex Xobeh
 20384 | Lair:2   | Noticed a death yak
 20384 | Lair:2   | Noticed a death yak
 20384 | Lair:2   | Noticed a death yak
 20404 | Lair:2   | Killed a death yak
 20405 | Lair:2   | Reached skill level 5 in Unarmed Combat
 20429 | Lair:2   | Noticed a death yak
 20451 | Lair:2   | Killed a death yak
 20464 | Lair:2   | Killed a death yak
 20736 | Lair:2   | Noticed a death yak
 20736 | Lair:2   | Noticed a death yak
 20752 | Lair:2   | Killed a death yak
 20753 | Lair:2   | Reached XP level 13. HP: 115/115 MP: 18/25
 20992 | Lair:2   | Noticed Prince Ribbit
 20993 | Lair:2   | Killed Prince Ribbit
 21026 | Lair:2   | Noticed Gastronok
 21049 | Lair:2   | Killed Gastronok
 21050 | Lair:2   | Reached skill level 11 in Fighting
 21488 | Lair:3   | Received a gift from Nemelex Xobeh
 21790 | Lair:3   | Reached ***** piety under Nemelex Xobeh
 22129 | Lair:3   | Reached skill level 10 in Dodging
 22204 | Lair:3   | Learned a level 4 spell: Iskenderun's Mystic Blast
 22210 | Lair:3   | Learned a level 5 spell: Blade Hands
 22233 | Lair:3   | Received a gift from Nemelex Xobeh
 24872 | Lair:4   | Found a hole to the Spider Nest.
 25099 | Lair:4   | Received a gift from Nemelex Xobeh
 25838 | Lair:5   | Reached skill level 12 in Fighting
 25911 | Lair:5   | Gained mutation: Your tail ends in a poisonous barb. [Green
                  | Draconian growth]
 25911 | Lair:5   | Reached XP level 14. HP: 126/126 MP: 22/26
 25989 | Lair:5   | Received a gift from Nemelex Xobeh
 26340 | Lair:5   | Found a runed translucent door.
 26340 | Lair:5   | Found a viscous altar of Jiyva.
 26340 | Lair:5   | Noticed an azure jelly
 26340 | Lair:5   | Noticed an azure jelly
 26341 | Lair:5   | Noticed an azure jelly
 26344 | Lair:5   | Found a staircase to the Slime Pits.
 26344 | Lair:5   | Noticed an azure jelly
 26374 | Lair:6   | Entered Level 6 of the Lair of Beasts
 26845 | Lair:6   | Identified the +1 robe of the Other Side {rElec rPois Str-4
                  | Int+4}
 27391 | Lair:6   | Learned a level 4 spell: Fulminant Prism
 27871 | Lair:6   | Reached skill level 10 in Transmutations
 28909 | Orc:1    | Entered Level 1 of the Orcish Mines
 28915 | Orc:1    | Found Xoefi's Gadget Gallery.
 28944 | Orc:1    | Found Asumnie's Antique Weapon Shoppe.
 29008 | Orc:1    | Received a gift from Nemelex Xobeh
 29256 | Orc:2    | Entered Level 2 of the Orcish Mines
 29781 | Orc:2    | Found Gezos's Weapon Boutique.
 30025 | Orc:2    | Received a gift from Nemelex Xobeh
 30185 | Orc:2    | Found Fiapp's Book Shop.
 30251 | Orc:2    | Noticed Sonja
 30285 | Orc:2    | Killed Sonja
 30667 | Orc:2    | Noticed Saint Roka
 30676 | Orc:2    | Killed Saint Roka
 30932 | Orc:2    | Found a staircase to the Elven Halls.
 30965 | Orc:2    | Found Qaneunlu's Magic Scroll Boutique.
 30971 | Orc:2    | Bought a scroll of blinking for 120 gold pieces
 30971 | Orc:2    | Bought a scroll of fog for 32 gold pieces
 31169 | Orc:2    | Found Deehetos's Antique Weapon Shoppe.
 31170 | Orc:2    | Found Nulattac's Antique Armour Emporium.
 31197 | Orc:2    | Bought a pair of fine boots for 209 gold pieces
 31197 | Orc:2    | Identified the +2 pair of boots "Daocvomaxucs" {rPois rN+
                  | Will++ rCorr} (You bought it in a shop on level 2 of the
                  | Orcish Mines)
 31202 | Orc:2    | Bought the +1 cloak of Starlight {*Dazzle EV+4 Stlth--} for
                  | 671 gold pieces
 31202 | Orc:2    | Found the +1 cloak of Starlight {*Dazzle EV+4 Stlth--}
 31366 | Orc:2    | Bought a scroll of blinking for 120 gold pieces
 31366 | Orc:2    | Bought a scroll of identify for 32 gold pieces
 31366 | Orc:2    | Bought a scroll of identify for 32 gold pieces
 31592 | D:10     | Killed Snorg
 31595 | D:10     | Killed Josephine
 32678 | D:11     | Received a gift from Nemelex Xobeh
 32901 | D:11     | Identified a scroll of acquirement
 32997 | D:11     | Received a gift from Nemelex Xobeh
 33394 | D:12     | Noticed Psyche
 33507 | D:12     | Found a portal to a secret trove of treasure.
 33527 | D:11     | Reached skill level 10 in Spellcasting
 33741 | D:12     | Reached XP level 15. HP: 134/134 MP: 7/29
 33970 | D:12     | Killed Psyche
 34014 | D:12     | Found a radiant altar of Vehumet.
 34858 | D:13     | Noticed Erolcha
 34864 | D:13     | Killed Erolcha
 34874 | D:13     | Found the +3 giant club "Skullcrusher" {speed, Str+7}
 35839 | D:13     | Received a gift from Nemelex Xobeh
 36165 | D:14     | Found a gate to the Vaults.
 37351 | D:14     | Reached skill level 13 in Fighting
 37454 | D:15     | Entered Level 15 of the Dungeon
 37454 | D:15     | Noticed Nessos
 37465 | D:15     | Killed Nessos
 37957 | D:15     | Noticed Azrael
 38016 | D:15     | Noticed Kirke
 38026 | D:15     | Killed Kirke
 38223 | D:15     | Killed Azrael
 38245 | D:15     | Learned a level 2 spell: Wereblood
 38303 | D:15     | Received a gift from Nemelex Xobeh
 38355 | D:15     | Reached XP level 16. HP: 144/144 MP: 22/30
 38702 | D:15     | Received a gift from Nemelex Xobeh
 38985 | D:15     | Identified the +1 morningstar of the Dripping Oracle {holy,
                  | rCorr Int+7 Dex-4}
 39018 | D:15     | Found a staircase to the Depths.
 39390 | D:7      | Killed Crazy Yiuf
 39568 | Spider:1 | Entered Level 1 of the Spider Nest
 39611 | Spider:1 | Reached skill level 15 in Transmutations
 39648 | Spider:1 | Learned a level 1 spell: Beastly Appendage
 39688 | Spider:1 | Reached ****** piety under Nemelex Xobeh
 39688 | Spider:1 | Received a gift from Nemelex Xobeh
 40083 | Spider:1 | Received a gift from Nemelex Xobeh
 40505 | Spider:1 | Received a gift from Nemelex Xobeh
 40521 | Spider:1 | Reached skill level 14 in Fighting
 41410 | Spider:2 | Noticed Nikola
 41420 | Spider:2 | Killed Nikola
 41999 | Spider:3 | Received a gift from Nemelex Xobeh
 42307 | Spider:3 | Reached skill level 10 in Unarmed Combat
 42681 | Spider:3 | Identified the +1 cloak of Eternity {Will+ Str+4}
 43394 | Spider:4 | Entered Level 4 of the Spider Nest
 43414 | Spider:3 | Reached skill level 15 in Fighting
 43788 | Spider:4 | Received a gift from Nemelex Xobeh
 43953 | Spider:3 | Reached XP level 17. HP: 156/156 MP: 23/31
 44150 | Spider:4 | Identified the +0 leather armour of Zin's Regard {Will+
                  | Dex+4 Stlth+}
 45318 | Spider:4 | Got a gossamer rune of Zot
 45715 | Swamp:1  | Entered Level 1 of the Swamp
 45745 | Lair:2   | Reached skill level 16 in Fighting
 45916 | Swamp:1  | Received a gift from Nemelex Xobeh
 45917 | Swamp:1  | Acquired the ring of Understanding {Drain rElec rF+ rN+
                  | Dex+3 Slay+4}
 46757 | Swamp:2  | Paralysed by a great orb of eyes for 5 turns
 46888 | Swamp:2  | Received a gift from Nemelex Xobeh
 47849 | Swamp:3  | Reached XP level 18. HP: 84/168 MP: 30/32
 48048 | Swamp:3  | Received a gift from Nemelex Xobeh
 48184 | Swamp:3  | Reached skill level 17 in Fighting
 48288 | Swamp:4  | Entered Level 4 of the Swamp
 49225 | Swamp:4  | Noticed the 27-headed Lernaean hydra
 49286 | Swamp:3  | Learned a level 6 spell: Statue Form
 49586 | Swamp:4  | Killed the 27-headed Lernaean hydra
 49663 | Swamp:4  | Got a decaying rune of Zot
 49895 | D:8      | Learned a level 6 spell: Iron Shot
 50109 | Vaults:1 | Entered Level 1 of the Vaults
 50362 | Vaults:1 | Reached skill level 1 in Earth Magic
 50507 | Vaults:1 | Received a gift from Nemelex Xobeh
 50705 | Vaults:1 | Reached skill level 15 in Invocations
 51125 | Vaults:1 | Reached skill level 5 in Earth Magic
 51528 | Vaults:1 | Received a gift from Nemelex Xobeh
 51705 | Vaults:1 | Reached XP level 19. HP: 83/179 MP: 24/33
 52774 | Vaults:2 | Reached skill level 18 in Fighting
 52859 | Vaults:2 | You fall into a shaft and drop 2 floors!
 52930 | Vaults:3 | Received a gift from Nemelex Xobeh
 52968 | Vaults:3 | Paralysed by a sphinx for 7 turns
 53506 | Vaults:2 | Identified the +3 scale mail of Vehumet's Wrath {rPois}
 53695 | Vaults:2 | Found Teapnues's General Store.
 53712 | Vaults:2 | Bought a scroll of magic mapping for 66 gold pieces
 53712 | Vaults:2 | Bought 2 potions of heal wounds for 190 gold pieces
 54468 | Vaults:2 | Received a gift from Nemelex Xobeh
 55180 | Vaults:3 | Received a gift from Nemelex Xobeh
 55411 | Vaults:3 | Reached skill level 15 in Unarmed Combat
 56388 | Vaults:3 | Found a staircase to the Crypt.
 56519 | Vaults:3 | Noticed a bone dragon
 56526 | Vaults:3 | Killed a bone dragon
 56562 | Vaults:3 | Got the Papyrus of Black Magic
 56787 | Vaults:4 | Reached XP level 20. HP: 188/188 MP: 25/34
 56874 | Vaults:4 | Reached skill level 10 in Earth Magic
 56990 | Vaults:4 | Identified the +1 plate armour of the Sky {Dex+4 Slay+2}
 57601 | Vaults:4 | Reached skill level 10 in Conjurations
 57615 | Vaults:4 | Reached skill level 19 in Fighting
 57616 | Vaults:4 | Received a gift from Nemelex Xobeh
 58227 | Vaults:4 | Learned a level 2 spell: Passwall
 58580 | Elf:1    | Entered Level 1 of the Elven Halls
 58854 | Elf:1    | Received a gift from Nemelex Xobeh
 59210 | Elf:1    | Received a gift from Nemelex Xobeh
 59665 | Elf:1    | Received a gift from Nemelex Xobeh
 60640 | Elf:2    | Found a runed translucent gate.
 60640 | Elf:2    | Found a runed translucent gate.
 60640 | Elf:2    | Found a runed translucent gate.
 60762 | Elf:2    | Reached XP level 21. HP: 198/198 MP: 28/35
 60883 | Elf:2    | Received a gift from Nemelex Xobeh
 61568 | Depths:1 | Entered Level 1 of the Depths
 61589 | Depths:1 | Paralysed by a great orb of eyes for 4 turns
 61610 | Depths:1 | Paralysed by a great orb of eyes for 6 turns
 62049 | Depths:1 | Received a gift from Nemelex Xobeh
 62053 | Depths:1 | Found a one-way gate to the infinite horrors of the Abyss.
 62320 | Depths:1 | Found a gateway to a ziggurat.
 62388 | Depths:1 | Found a gateway to Hell.
 62629 | Depths:1 | Noticed a caustic shrike
 62633 | Depths:1 | Killed a caustic shrike
 63508 | Depths:2 | Noticed Asterion
 63513 | Depths:2 | Reached skill level 20 in Fighting
 63516 | Depths:2 | Killed Asterion
 63563 | Depths:2 | Reached XP level 22. HP: 209/209 MP: 30/36
 63692 | Depths:2 | Found a runed translucent door.
 63854 | Depths:2 | Received a gift from Nemelex Xobeh
 63897 | Depths:2 | Noticed Mara
 63914 | Depths:2 | Noticed DiogoH's illusion
 63916 | Depths:2 | Killed Mara
 64077 | Depths:2 | Found a one-way gate leading to the halls of Pandemonium.
 65351 | Depths:3 | Identified the +0 buckler of the Vanishing Knaves {rC+
                  | Dex+9 Slay-6}
 65351 | Depths:3 | Noticed an ancient lich
 65362 | Depths:3 | Killed an ancient lich
 65657 | Depths:3 | Identified the +0 ring mail of the First Snow {Int+4}
 65657 | Depths:3 | Identified the amulet of Cexeadae {Reflect Str+4 SH+5}
 65710 | Depths:3 | Noticed the Enchantress
 65927 | Depths:2 | Killed the Enchantress
 66374 | Depths:3 | Learned a level 3 spell: Mephitic Cloud
 66408 | Depths:3 | Received a gift from Nemelex Xobeh
 66577 | Depths:3 | Reached XP level 23. HP: 217/217 MP: 37/37
 66849 | D:15     | Acquired 553 gold pieces
 66854 | D:15     | Acquired a +0 hat of willpower
 66855 | D:15     | Acquired the ring "Muurph" {Will++ rCorr MP+9 Dex+7}
 66860 | D:15     | Acquired a staff of earth
 66861 | D:15     | Acquired a staff of conjuration
 67070 | Depths:3 | Upgraded the game from 0.27.0-66-gdc8fb28755 to 0.27.1
 67278 | Depths:4 | Found a white marble altar of Elyvilon.
 67530 | Depths:4 | Got the Incunabulum of Destructive Flames
 67597 | Depths:4 | Reached skill level 21 in Fighting
 67794 | Depths:4 | Received a gift from Nemelex Xobeh
 68115 | Depths:5 | Entered Level 5 of the Depths
 68523 | Depths:5 | Received a gift from Nemelex Xobeh
 68713 | Depths:5 | Found Micla's Antique Weapon Shoppe.
 68909 | Depths:5 | Identified the +2 robe "Viomezu" {Fly rPois}
 68941 | Depths:5 | Identified the +1 hat of Grace {rC+ Stlth+}
 68950 | Depths:5 | Found a radiant altar of Vehumet.
 68955 | Depths:5 | Identified the +0 hat of Protective Custody {rElec rF-
                  | Regen+ rCorr}
 69004 | Depths:5 | Received a gift from Nemelex Xobeh
 69136 | Depths:5 | Found a runed translucent door.
 69138 | Depths:5 | Found a runed translucent door.
 69511 | Depths:5 | Found a gate to the Realm of Zot.
 69569 | Depths:5 | Found a runed translucent door.
 69578 | Depths:5 | Found a runed translucent door.
 69602 | Depths:5 | Found a runed translucent door.
 69602 | Depths:5 | Found a runed translucent door.
 69901 | Depths:5 | Reached XP level 24. HP: 228/228 MP: 37/37
 70188 | D:12     | You paid a toll of +4 storm dragon scales to enter a
                  | treasure trove
 70189 | Trove    | Entered a treasure trove
 70324 | Orc:1    | Bought a wand of iceblast (11) for 225 gold pieces
 70421 | Orc:2    | Bought a scroll of teleportation for 48 gold pieces
 71186 | Elf:3    | Entered Level 3 of the Elven Halls
 71764 | Elf:3    | Reached skill level 15 in Earth Magic
 72036 | Elf:3    | Paralysed by an air elemental for 1 turns
 72180 | Elf:3    | Received a gift from Nemelex Xobeh
 72250 | Elf:3    | Reached skill level 15 in Conjurations
 72422 | Elf:3    | Identified the +6 war axe of the Extremely Mad {flame, rC+
                  | rN+}
 72422 | Elf:3    | Identified the +1 buckler "Hustinna" {Str+5 Stlth+}
 72528 | Elf:3    | Found the +6 lightning scales {swift, rElec}
 72546 | Elf:3    | Identified the +0 lajatang of Toysaich {drain, rN+ Str+6}
 72554 | Elf:3    | Got the Compendium of the Birds
 72564 | Elf:3    | Got the Tome of Mutagenic Battle Magic
 73103 | Crypt:1  | Entered Level 1 of the Crypt
 73321 | Crypt:1  | Noticed Donald
 73326 | Crypt:1  | Killed Donald
 73595 | Crypt:1  | Received a gift from Nemelex Xobeh
 73731 | Crypt:2  | Reached skill level 22 in Fighting
 73763 | Crypt:2  | Identified the +0 robe of Mirth {-Tele Int+5}
 74632 | Crypt:2  | Received a gift from Nemelex Xobeh
 74716 | Crypt:3  | Entered Level 3 of the Crypt
 75229 | Crypt:3  | Identified the amulet of Uvubas {Reflect rElec Str-4 Dex+6
                  | Slay+3 SH+5}
 75470 | Crypt:3  | Found a staircase to the Tomb.
 75488 | Crypt:3  | Identified the ring "Ugig" {rPois rC+ rN+}
 75488 | Crypt:3  | Identified the ring of Avobb {*Corrode rN+ Int+4}
 75488 | Crypt:3  | Identified the ring "Seusisha" {Fly rN+}
 75518 | Crypt:3  | Reached XP level 25. HP: 239/239 MP: 38/38
 75537 | Crypt:3  | Received a gift from Nemelex Xobeh
 75807 | Crypt:3  | Found an ancient bone altar of Kikubaaqudgha.
 75814 | Crypt:3  | Noticed a dread lich
 75867 | Crypt:3  | Killed a dread lich
 75985 | Crypt:3  | Learned a level 7 spell: Orb of Destruction
 76277 | Vaults:5 | Entered Level 5 of the Vaults
 76572 | Vaults:5 | Reached skill level 23 in Fighting
 76711 | Vaults:5 | Noticed Margery
 76715 | Vaults:5 | Noticed Margery
 76715 | Vaults:5 | Margery changed into Margery the emperor scorpion
 76817 | Vaults:4 | Killed Margery the emperor scorpion
 77280 | Vaults:5 | Noticed an ancient lich
 77380 | Vaults:5 | Killed an ancient lich
 77731 | Vaults:5 | Acquired 551 gold pieces
 77761 | Vaults:5 | Received a gift from Nemelex Xobeh
 77834 | Vaults:5 | Identified the ring "Yjelum" {rElec rN+ rCorr Str+4}
 77916 | Vaults:5 | Reached XP level 26. HP: 253/253 MP: 38/38
 78018 | Vaults:5 | Found Xofirchor's Assorted Antiques.
 78025 | Vaults:5 | Bought a runed iron ring for 205 gold pieces
 78326 | Vaults:5 | Identified the ring "Wugas" {+Blink rCorr}
 78346 | Vaults:5 | Received a gift from Nemelex Xobeh
 78603 | Vaults:5 | Got the Papyrus of Enchantment and the Blaze
 78613 | Vaults:5 | Identified the +4 mace of Oklod {holy, *Slow rElec rN+++
                  | Str+2}
 78635 | Vaults:5 | Identified the +3 chain mail "Vocec" {rElec rCorr}
 78786 | Vaults:5 | Identified the +9 hunting sling of Valiance {venom, Int+3}
 78793 | Vaults:5 | Got a silver rune of Zot
 79008 | Vaults:5 | Bought a potion of haste for 410 gold pieces
 79008 | Vaults:5 | Bought a potion of lignification for 123 gold pieces
 79139 | Vaults:2 | Bought a scroll of teleportation for 57 gold pieces
 79139 | Vaults:2 | Bought a potion of haste for 190 gold pieces
 79139 | Vaults:2 | Bought a potion of curing for 57 gold pieces
 79766 | Zot:1    | Entered Level 1 of the Realm of Zot
 79770 | Zot:1    | Learned a level 2 spell: Blink
 79881 | Zot:1    | Reached skill level 24 in Fighting
 80103 | Zot:1    | Received a gift from Nemelex Xobeh
 81384 | Zot:1    | Received a gift from Nemelex Xobeh
 82991 | Zot:2    | Reached skill level 25 in Fighting
 83293 | Zot:3    | Reached XP level 27. HP: 266/266 MP: 38/38
 83457 | Zot:3    | Received a gift from Nemelex Xobeh
 84331 | Zot:3    | Received a gift from Nemelex Xobeh
 85385 | Zot:4    | Received a gift from Nemelex Xobeh
 86308 | Zot:4    | Received a gift from Nemelex Xobeh
 86484 | Zot:5    | Entered Level 5 of the Realm of Zot
 87629 | Zot:5    | Noticed an orb of fire
 87634 | Zot:5    | Gained mutation: You are dopey. (Int -2) [an orb of fire]
 87638 | Zot:5    | Killed an orb of fire
 87639 | Zot:5    | Reached skill level 26 in Fighting
 87649 | Zot:5    | Noticed an orb of fire
 87660 | Zot:5    | Killed an orb of fire
 87764 | Zot:5    | Noticed an orb of fire
 87766 | Zot:5    | Noticed an orb of fire
 87771 | Zot:5    | Gained mutation: You sometimes lose the ability to read
                  | scrolls when taking damage. [an orb of fire]
 87785 | Zot:4    | Killed an orb of fire
 87895 | Zot:5    | Killed an orb of fire
 87968 | Zot:5    | Noticed a dread lich
 87979 | Zot:5    | Killed a dread lich
 88505 | Zot:5    | Noticed an orb of fire
 88508 | Zot:5    | Gained mutation: Your magical capacity is low. (-10% MP)
                  | [an orb of fire]
 88513 | Zot:5    | Gained mutation: Your spells are a little easier to cast,
                  | but a little less powerful. [an orb of fire]
 88515 | Zot:5    | Killed an orb of fire
 88522 | Zot:5    | Noticed an ancient lich
 88532 | Zot:5    | Killed an ancient lich
 88555 | Zot:5    | Received a gift from Nemelex Xobeh
 89658 | Zot:5    | Got the Orb of Zot
 90326 | D:$      | Escaped with the Orb!

Illustrated notes

Levels and vault maps discovered:
D:1:      dpeg_arrival_shrine, layout_loops_ring, serial_co_window_serial,
          co_window_paths_a, co_window_of_opportunity_a,
          co_window_of_opportunity_a, co_window_paths_a, co_window_cross_1,
          co_window_paths_b, co_window_paths_a, co_window_2corner,
          co_window_corner_cb, co_window_broadway_c, co_window_paths_c,
          co_window_of_opportunity_c, co_window_of_opportunity_c,
          co_window_4corner_b, co_window_paths_d, glass_columns_a,
          glass_columns_b, glass_columns_a
D:2:      layout_basic, minmay_tripent
D:3:      layout_basic, overflow_temple_1_default
D:4:      layout_loops_ring, gup_sewer_entry_glass, grunt_tough_drop
D:5:      layout_layer_cave, grunt_temple_overflow_lords_of_destruction,
          grunt_qazlal_sundering
D:6:      layout_basic, nicolae_ru_awakened_eye,
          nicolae_hepliaklqana_hazy_memory, minmay_fire_ice_demons,
          uniq_blork_the_orc
D:7:      minmay_octagon_keep, layout_cave_pools,
          minmay_temple_entry_butterflies, uniq_crazy_yiuf_cottage
D:8:      layout_basic, david_lair_generic
D:9:      layout_loops_corners, zombieorc2_lemuel, uniq_erica
D:10:     layout_stronghold, minmay_strange_pillars, uniq_snorg, uniq_josephine,
          uniq_urug
D:11:     layout_basic
D:12:     layout_rooms, nicolae_trove_entry_crossroad,
          nicolae_vehumet_altar_sigil, uniq_psyche
D:13:     layout_roguey, minmay_guarded_unrand_skullcrusher, uniq_erolcha
D:14:     layout_irregular_city, david_vaults_2, minivault_23,
          hangedman_cracks_in_the_wall
D:15:     grunt_enter_depths_hoard, layout_basic, minmay_misc_feat_x,
          uniq_nessos, uniq_kirke, uniq_azrael
Temple:   lightli_temple_of_artemis
Lair:1:   layout_long_grid, portal_ice_cave_rime, minivault_23
Lair:2:   layout_loops_ring, minmay_swamp_entry_worms, uniq_prince_ribbit2,
          uniq_gastronok
Lair:3:   layout_layer_cave, grunt_forest_large_clearings,
          infiniplex_staircase_pool, grunt_megastairs_2
Lair:4:   layout_regular_city, nicolae_spider_entry_tight_spaces,
          serial_bayou_shore_a, grunt_megastairs_4
Lair:5:   layout_big_grid, slime_altar_2, st_stairs_12, grunt_megastairs_1
Lair:6:   evilmike_catoblepas_cave, layout_long_grid
Swamp:1:  layout_basic_swamp, nicolae_swamp_big_swirl
Swamp:2:  layout_falls_marsh, evilmike_swamp_ruin_rubble_1, swamp_pool1
Swamp:3:  layout_falls_marsh, evilmike_swamp_ruin_house_6, swamp_pool1
Swamp:4:  swamp_old_school, layout_basic_swamp, hangedman_swamp_diagram
Spider:1: layout_chambers, hive_lemuel
Spider:2: layout_spider_delve, uniq_nikola
Spider:3: layout_spider_delve, spiders_nest_spider_trap
Spider:4: grunt_spider_rune_circles, nicolae_spider_scorpion_nest
Orc:1:    layout_caves, serial_shops, nicolae_shop_window_shopping,
          nicolae_shop_gadgets
Orc:2:    grunt_orc_community_town_hall, layout_caves,
          grunt_orc_community_big_house_2, grunt_orc_community_big_house_2,
          grunt_orc_community_house_1, grunt_orc_community_house_2,
          grunt_orc_community_house_3, grunt_orc_community_house_3,
          grunt_orc_community_house_1, basic_altar, serial_shops,
          nicolae_shop_waterfront, uniq_sonja
Elf:1:    eino_elf_arrival_customs, layout_onion_city,
          nicolae_elf_blasts_and_bolts
Elf:2:    nicolae_elf_blades_splatter_lattice [nicolae_blade_bullseye],
          layout_geoelf_octagon, amcnicky_mini_corridor_feature,
          corexii_leaking_fountain
Elf:3:    minmay_elf_hall_curves, layout_rooms, grunt_megastairs_3
Vaults:1: grunt_vaults_hallway_long, ontoclasm_vaults_misaligned,
          nicolae_vaults_network_star, ontoclasm_vaults_hangar,
          hangedman_vaults_stream, v_misc_30, v_misc_33, v_misc_27,
          vaults_room_fours, vaults_mumra_lcd, nicolae_vaults_little_squares_5,
          layout_vaults_ring, portal_desolation_entry_ruin
Vaults:2: hangedman_vaults_unwind, vaults_standard_mumra_enter_the_diamond,
          nicolae_vaults_twisting_passages, vaults_room_stairs_pillars,
          nicolae_vaults_network_quincunx
          [nicolae_vaults_network_quincunx_subvault,
          nicolae_vaults_network_quincunx_subvault,
          nicolae_vaults_network_quincunx_subvault,
          nicolae_vaults_network_quincunx_subvault,
          nicolae_vaults_network_quincunx_subvault], vaults_room_semicircle,
          v_rooms_2, ontoclasm_vaults_pinch, vaults_dpeg_ring, v_misc_8,
          v_alt_pattern_1, v_alt_pattern_2, layout_vaults_maze, serial_shops,
          nicolae_shop_waterfront
Vaults:3: nicolae_vaults_little_squares_5, vaults_mumra_chevron,
          vaults_room_hallway, vaults_dpeg_cross, vaults_room_pools,
          nicolae_vaults_alarming, v_alt_pattern_4,
          nicolae_vaults_three_branches, minmay_crypt_entry_simple_statues,
          vaults_room_pools, nicolae_vaults_mini_display_case,
          layout_vaults_omnigrid, serial_hangedman_research,
          hangedman_research_thanatology
Vaults:4: nicolae_vaults_triangles, hangedman_vaults_corner,
          nicolae_vaults_little_squares_6, nicolae_vaults_shelves_hall,
          nicolae_vaults_little_squares_2, vaults_room_boxed,
          nicolae_vaults_windows_and_doors_thing, v_alt_pattern_6,
          grunt_vaults_hallway_short, vaults_room_fancy_cross,
          nicolae_vaults_shelves_hall, vaults_room_guarded_vault,
          layout_vaults_big_cross
Vaults:5: uniq_margery
Crypt:1:  layout_gridlike, item_on_display_a, grunt_crypt_arrival_webbed,
          uniq_donald
Crypt:2:  layout_basic
Crypt:3:  cryptofortress_bobbens
Depths:1: layout_forbidden_donut, enter_ziggurat_a, abyss_entry, hellmouth_1,
          minmay_holes, minmay_hollow_rounded_squares
Depths:2: minmay_imperfect_grid, layout_basic, grunt_mini_vestibule,
          rand_demon_pan_entry_7, abyss_entry_crystal, minmay_acid_items,
          uniq_mara, uniq_saint_roka, uniq_asterion
Depths:3: hangedman_pleasuredromes, pan_entry, hell_entry, uniq_enchantress
Depths:4: minmay_skeleton_keep, layout_cave_pools, grunt_hell_entry_dis_old,
          abyss_entry, serial_column_ruins, column_ruins_open_tiny,
          column_ruins_grid_1, column_ruins_open_tiny, column_ruins_grid_1,
          column_ruins_corridor_straight, column_ruins_grid_1,
          column_ruins_open_tiny, elyvilon_altar_1,
          minmay_staircase_statues_hall_small
Depths:5: evilmike_zot_entry_castle, layout_basic, minmay_misc_feat_nine_boxes,
          serial_shops, nicolae_diamond_shop, pf_vacation_house_of_asmodeus,
          grunt_tower_of_power
Zot:1:    layout_cathedral_of_symmetry
Zot:2:    nicolae_moth_party, layout_misc_corridors
Zot:3:    layout_gridville, hangedman_zot_decor_scrapings,
          st_single_dragon_hoard_1
Zot:4:    layout_basic
Zot:5:    layout_twisted_circle

Skill      XL: |  1  2  3  4  5  6  7  8  9 10 11 12 13 14 15 16 17 18 19 20 21 22 23 24 25 26 27 |
---------------+----------------------------------------------------------------------------------+-----
Fighting       | 1 2 3 4 5 6 8 9 10 12 13 15 16 17 18 19 20 21 22 23 25 26 | 26.9
Dodging        | 2 3 4 6 7 8 9 10 | 10.0
Spellcasting   | 3 4 5 6 7 8 10 11 | 11.0
Conjurations   | 5 6 7 8 9 10 12 13 14 15 16 17 18 | 18.7
Invocations    | 1 3 4 6 7 9 10 11 12 13 14 15 16 17 18 19 20 21 22 23 | 23.2
Transmutations | 1 4 6 8 11 14 15 | 15.0
Unarmed Combat | 2 5 7 8 11 13 14 15 16 17 18 19 20 21 | 21.7
Earth Magic    | 6 9 11 12 13 14 15 | 15.2
Stealth        | |  1.7

Action                   |  1- 3 |  4- 6 |  7- 9 | 10-12 | 13-15 | 16-18 | 19-21 | 22-24 | 25-27 || total
-------------------------+-------+-------+-------+-------+-------+-------+-------+-------+-------++-------
Melee: Long sword        |       |       |     1 |       |       |       |       |       |       ||     1
       Falchion          |       |       |       |     2 |       |       |       |       |       ||     2
       Tailslap          |       |       |       |     5 |    46 |   120 |   119 |   154 |   156 ||   600
       Unarmed           |       |       |       |       |   268 |   948 |   811 |  1016 |   753 ||  3796
       Triple sword      |       |       |       |       |     3 |     1 |       |       |       ||     4
       Bite              |       |       |       |       |    16 |    74 |    74 |   141 |   120 ||   425
       Punch             |       |       |       |       |     8 |    41 |    66 |   112 |    88 ||   315
       Staff             |       |       |       |       |       |       |       |       |    14 ||    14
Throw: Javelin           |       |       |       |     1 |       |       |       |       |     3 ||     4
 Cast: Magic Dart        |    45 |    55 |   116 |   121 |   302 |     6 |       |       |       ||   645
       Searing Ray       |    22 |    32 |    76 |   187 |   316 |    18 |       |       |       ||   651
       Dazzling Flash    |       |       |       |     3 |     1 |     1 |       |       |       ||     5
       Blade Hands       |       |       |       |       |    13 |       |       |       |       ||    13
       Fulminant Prism   |       |       |       |       |    11 |       |       |       |       ||    11
       Dragon Form       |       |       |       |       |    14 |    88 |    65 |    93 |   133 ||   393
       Wereblood         |       |       |       |       |       |    77 |    56 |    72 |    68 ||   273
       Beastly Appendage |       |       |       |       |       |     1 |       |       |       ||     1
       Statue Form       |       |       |       |       |       |    15 |    10 |       |       ||    25
       Iron Shot         |       |       |       |       |       |     3 |    19 |    10 |    31 ||    63
       Iskenderun's Myst |       |       |       |       |       |       |       |     1 |     2 ||     3
       Orb of Destructio |       |       |       |       |       |       |       |       |    29 ||    29
       Mephitic Cloud    |       |       |       |       |       |       |       |       |     2 ||     2
       Blink             |       |       |       |       |       |       |       |       |     6 ||     6
Invok: Draw Destruction  |       |       |     3 |     6 |    37 |    15 |     9 |     2 |       ||    72
       Draw Summoning    |       |       |       |     5 |     8 |     7 |       |       |       ||    20
       Draw Escape       |       |       |       |     4 |     1 |     6 |       |       |       ||    11
       Triple Draw       |       |       |       |     1 |     1 |     5 |       |     1 |       ||     8
       Stack Five        |       |       |       |       |     2 |       |       |     1 |     1 ||     4
       Draw Stack        |       |       |       |       |     5 |     1 |       |     5 |       ||    11
       Deal Four         |       |       |       |       |     3 |     5 |     7 |     8 |     8 ||    31
 Abil: Breathe Noxious F |       |       |     2 |    51 |   119 |    17 |    29 |    24 |     4 ||   246
       End Transformatio |       |       |       |       |     2 |     3 |     1 |       |       ||     6
Evoke: Wand              |       |       |       |       |    11 |     3 |       |     5 |    12 ||    31
       Box of beasts     |       |       |       |       |     1 |       |       |       |       ||     1
       Phantom mirror    |       |       |       |       |       |     1 |       |       |       ||     1
  Use: Scroll            |       |     6 |    10 |    12 |     6 |    11 |     8 |    19 |    10 ||    82
       Potion            |       |       |       |     4 |     1 |     3 |       |     6 |     7 ||    21
 Stab: Confused          |       |       |       |     1 |     3 |     4 |    19 |     4 |     1 ||    32
       Invisible         |       |       |       |       |     7 |       |       |     2 |       ||     9
       Sleeping          |       |       |       |       |       |     1 |     5 |     3 |     3 ||    12
       Distracted        |       |       |       |       |       |       |     1 |     4 |       ||     5
       Petrified         |       |       |       |       |       |       |       |     2 |       ||     2
Armor: Skin              |     3 |     5 |    12 |    57 |   258 |  1089 |   390 |   481 |   516 ||  2811
Dodge: Dodged            |     9 |    12 |    21 |   145 |   470 |   721 |   267 |   390 |   420 ||  2455
       Rpst.: Long sword |     1 |     3 |     4 |       |       |       |       |       |       ||     8
       Falchion          |       |       |     2 |    21 |       |       |       |       |       ||    23
       Triple sword      |       |       |       |    11 |    72 |    10 |       |       |       ||    93
